 Dungeon Crawl Stone Soup version 0.29-a0-371-g91724d5b39 (webtiles) character file.

Game seed: 3545660944968793975

3990 Artihs the Basher (level 10, 0/86 HPs)
             Began as a Minotaur Fighter on May 3, 2022.
             Was a Priest of Okawaru.
             Slain by a death yak (7 damage)
             ... on level 8 of the Dungeon.
             The game lasted 00:49:49 (8835 turns).

Artihs the Basher (Minotaur Fighter)                Turns: 8835, Time: 00:49:49

Health: 0/86       AC: 11    Str: 23    XL:     10   Next: 3%
Magic:  8/9        EV: 12    Int: 11    God:    Okawaru [***...]
Gold:   319        SH:  6    Dex: 12    Spells: 9/9 levels left

rFire   . . .      SeeInvis .   g - +0 mace
rCold   . . .      Faith    +   c - +0 buckler
rNeg    . . .      Spirit   .   L - +2 ring mail {rPois}
rPois   +          Reflect  .   (helmet restricted)
rElec   .          Harm     .   l - +0 cloak
rCorr   .          Rampage  .   H - +0 pair of gloves
Will    .....                   (no boots)
Stlth   +.........              G - amulet of faith
HPRegen 0.24/turn               J - +6 ring of intelligence
MPRegen 0.11/turn               M - ring of poison resistance

@: no status effects
A: horns 2, retaliatory headbutt
a: Renounce Religion, Heroism


You were on level 8 of the Dungeon.
You worshipped Okawaru.
Okawaru was most pleased with you.
You visited 2 branches of the dungeon, and saw 9 of its levels.

You collected 319 gold pieces.

Inventory:

Hand Weapons
 a - a +0 flail
 f - a +0 shortbow of freezing
 g - a +0 mace (weapon)
 p - a +1 dagger of speed
 x - a +0 hunting sling
 F - a +2 hand axe of flaming
Missiles
 y - 6 poisoned darts (quivered)
 A - 5 boomerangs
Armour
 b - a +0 scale mail
 c - a +0 buckler (worn)
 l - a +0 cloak (worn)
 o - a +0 chain mail
 H - a +0 pair of gloves (worn)
 L - a +2 ring mail of poison resistance (worn)
Jewellery
 z - a ring of wizardry
 G - an amulet of faith (around neck)
 J - a +6 ring of intelligence (left hand)
 M - a ring of poison resistance (right hand)
Wands
 n - a wand of mindburst (15)
 r - a wand of polymorph (6)
 E - a wand of acid (17)
 P - a wand of digging (1)
Scrolls
 e - 5 scrolls of teleportation
 h - 8 scrolls of fog
 j - a scroll of noise
 q - a scroll of amnesia
 u - 2 scrolls of magic mapping
 w - a scroll of blinking
 I - a scroll of summoning
 K - a scroll of enchant weapon {unknown}
 N - a scroll of vulnerability {unknown}
 O - a scroll of brand weapon {unknown}
Potions
 d - a potion of might
 i - a potion of invisibility
 k - 3 potions of curing {unknown}
 m - 2 potions of lignification
 s - a potion of haste {unknown}
 t - 3 potions of heal wounds {unknown}
 v - 2 potions of attraction {unknown}
 B - a potion of experience {unknown}
 C - a potion of berserk rage {unknown}
 D - 2 potions of brilliance {unknown}


   Skills:
 + Level 7.2 Fighting
 * Level 9.3 Maces & Flails
 - Level 0.3 Bows
 + Level 4.3 Throwing
 + Level 7.3 Armour
 + Level 5.5 Dodging
 * Level 9.2 Shields


You had 9 spell levels left.
You didn't know any spells.
Your spell library contained the following spells:

 Spells                   Type           Power      Damage    Failure   Level
 Pain                     Necr           0%         1d4       54%         1
 Cause Fear               Hex            0%         N/A       100%        4
 Agony                    Necr           0%         N/A       100%        5
 Excruciating Wounds      Necr           0%         N/A       100%        5
 Dragon Form              Tmut           0%         N/A       100%        7
 Dragon's Call            Summ           Unusable   N/A       N/A         9

Dungeon Overview and Level Annotations

Branches:
Dungeon (8/15)             Temple (1/1) D:4
   Lair: D:8-11

Altars:
Ashenzari
Cheibriados
Dithmenos
Elyvilon
Fedhas
Gozag
Hepliaklqana
Kikubaaqudgha
Makhleb
Nemelex Xobeh
Okawaru
Qazlal
Ru
Sif Muna
Trog
Uskayaw
Vehumet
Wu Jian
Xom
Yredelemnul
Zin
The Shining One


Innate Abilities, Weirdness & Mutations

You have a pair of horns on your head.
You reflexively headbutt those who attack you in melee.


Message History

You headbutt the death yak, but do no damage.
The death yak is moderately wounded.
The death yak looks more healthy.
The death yak gores you but does no damage.
You thump the death yak!
The death yak is heavily wounded.
You hit the death yak but do no damage.
You headbutt the death yak, but do no damage.
The death yak is heavily wounded.
The death yak gores you!
* * * LOW HITPOINT WARNING * * *
You hit the death yak but do no damage. Your headbutt misses the death yak.
The death yak is heavily wounded.
You block the death yak's attack.
You hit the death yak but do no damage.
The death yak is heavily wounded.
The death yak gores you but does no damage.
You hit the death yak.
You headbutt the death yak, but do no damage.
The death yak is heavily wounded.
You hit the death yak.
The death yak is heavily wounded.
You block the death yak's attack.
You hit the death yak but do no damage. You headbutt the death yak.
The death yak is heavily wounded.
The death yak closely misses you.
You hit the death yak.
The death yak is heavily wounded.
You feel like a meek peon again. You block the death yak's attack.
You fail to use your ability.
The death yak gores you.
* * * LOW HITPOINT WARNING * * *
You hit the death yak but do no damage. You headbutt the death yak.
The death yak is severely wounded.
The death yak closely misses you. You furiously retaliate!
You headbutt the death yak. You hit the death yak.
The death yak is severely wounded.
The death yak gores you!
You die...

#............#
#.##########.# #.# #.#
#.######## #.# .........#
#.# #.######.# #.# #.# #.#
#.# #.####
#.###.###############
.....###......(Y@.....(.....
#......(..[..##############.
.###.######### .##..# .....#
#.#..# ..>..## #### ####..##
#.. .....).# #.#


You could see a death yak.

Vanquished Creatures
  A death yak (D:8)
  A wyvern (D:6)
  Sigmund (D:2)
  Grum (D:8)
  2 steam dragons (D:8)
  A water moccasin (D:7)
  Duvessa (D:7)
  3 black bears
  5 ogres
  A phantom (D:6)
  3 wolves (D:8)
  2 centaurs
  4 bullfrogs
  A kobold brigand (D:7)
  4 necrophages
  A scorpion (D:5)
  Dowan (D:7)
  5 hounds
  2 orc priests (D:7)
  3 jellies
  4 iguanas
  Terence (D:3)
  3 orc wizards (D:7)
  5 adders
  A white imp (D:8)
  An ufetubus (D:7)
  3 worms
  A dart slug (D:2)
  22 orcs
  2 ball pythons
  6 bats
  5 endoplasms
  A giant cockroach (D:1)
  9 goblins
  2 hobgoblins
  8 kobolds
  2 quokkas
  A frilled lizard (D:3)
  5 rats
125 creatures vanquished.

Notes
Turn   | Place    | Note
-------+----------+-------------------------------------------
     0 | D:1      | Artihs the Minotaur Fighter began the quest for the Orb.
     0 | D:1      | Reached XP level 1. HP: 19/19 MP: 0/0
   385 | D:1      | Reached XP level 2. HP: 27/27 MP: 1/1
  1330 | D:2      | Noticed Sigmund
  1350 | D:2      | Killed Sigmund
  1351 | D:2      | Reached XP level 3. HP: 34/34 MP: 2/2
  1351 | D:2      | Reached XP level 4. HP: 41/41 MP: 3/3
  1351 | D:2      | Reached XP level 5. HP: 47/47 MP: 4/4
  1807 | D:3      | Noticed a centaur
  1811 | D:3      | Killed a centaur
  2000 | D:3      | Reached XP level 6. HP: 52/53 MP: 5/5
  2072 | D:3      | Noticed Terence
  2076 | D:3      | Killed Terence
  2733 | D:4      | Reached skill level 5 in Maces & Flails
  3065 | D:4      | Reached skill level 5 in Fighting
  3065 | D:4      | Reached skill level 5 in Armour
  3065 | D:4      | Reached skill level 5 in Shields
  3088 | D:4      | Found a staircase to the Ecumenical Temple.
  3501 | D:4      | Reached skill level 1 in Throwing
  3501 | D:4      | Reached XP level 7. HP: 54/61 MP: 6/6
  4052 | D:5      | Entered Level 5 of the Dungeon
  4086 | Temple   | Entered the Ecumenical Temple
  4743 | Temple   | Became a worshipper of Warmaster Okawaru
  5427 | D:6      | Reached * piety under Okawaru
  5428 | D:6      | Reached XP level 8. HP: 57/69 MP: 7/7
  6467 | D:6      | Reached ** piety under Okawaru
  7075 | D:7      | Reached XP level 9. HP: 75/75 MP: 5/8
  7075 | D:7      | Noticed Duvessa
  7105 | D:7      | Killed Duvessa
  7151 | D:7      | Noticed Dowan
  7167 | D:7      | Killed Dowan
  7454 | D:7      | Found a sparkling altar of Nemelex Xobeh.
  7454 | D:7      | Found an opulent altar of Gozag.
  8040 | D:8      | Noticed Grum
  8063 | D:8      | Killed Grum
  8064 | D:8      | Reached skill level 5 in Dodging
  8393 | D:8      | Reached *** piety under Okawaru
  8546 | D:8      | Noticed a death yak
  8547 | D:8      | Noticed a death yak
  8599 | D:8      | Killed a death yak
  8787 | D:8      | Reached XP level 10. HP: 57/86 MP: 7/9
  8787 | D:8      | Noticed a death yak
  8787 | D:8      | Noticed a death yak
  8835 | D:8      | Slain by a death yak

Illustrated notes

Levels and vault maps discovered:
D:1:      dpeg_arrival_houses_and_road, layout_basic
D:2:      minmay_alternating_diamond, layout_loops_ring, uniq_sigmund
D:3:      layout_basic, minivault_14, uniq_terence
D:4:      layout_basic, minmay_temple_entry_from_below_b
D:5:      layout_basic
D:6:      layout_basic
D:7:      layout_loops_cross, grunt_temple_overflow_opulence,
          skrybe_limestone_x, kennysheep_path_1, nicolae_benzene_ring,
          amcnicky_mini_pool_small, uniq_duvessa
D:8:      layout_loops_ring, dpeg_lair_monsters, nicolae_elevator_lobby_plus,
          uniq_psyche, uniq_prince_ribbit1, uniq_joseph, uniq_grum
Temple:   mainiacjoe_temple_cubbyholes

Skill      XL: |  1  2  3  4  5  6  7  8  9 |
---------------+----------------------------+-----
Fighting       | 4 5 6 7 |  7.2
Maces & Flails | 4 5 6 7 9 |  9.3
Armour         | 4 5 6 7 |  7.3
Dodging        | 2 3 4 5 |  5.5
Shields        | 4 5 6 7 9 |  9.2
Throwing       | 1 2 3 4 |  4.3
Bows           | |  0.3

Action                   |  1- 3 |  4- 6 |  7- 9 | 10-12 || total
-------------------------+-------+-------+-------+-------++-------
Melee: Mace              |    24 |    81 |   269 |    15 ||   389
       Flail             |     5 |       |       |       ||     5
       Headbutt          |     3 |    12 |    48 |     6 ||    69
 Fire: Shortbow          |       |     4 |       |       ||     4
Throw: Dart              |       |    11 |    99 |     2 ||   112
       Boomerang         |       |     7 |    25 |       ||    32
Invok: Heroism           |       |       |    18 |     1 ||    19
Evoke: Wand              |       |     5 |     4 |       ||     9
  Use: Scroll            |       |     4 |     4 |       ||     8
       Potion            |       |       |     1 |       ||     1
Armor: Scale mail        |     8 |       |       |       ||     8
       Chain mail        |     2 |    46 |    68 |       ||   116
       Skin              |       |       |     1 |       ||     1
       Ring mail         |       |       |    37 |     3 ||    40
Dodge: Dodged            |    16 |    29 |   114 |     4 ||   163
Block: Buckler           |     6 |     6 |    63 |     3 ||    78

Table legend: (Time is in decaauts)
 A = Elapsed time spent in this place.
 B = Non-inter-level travel time spent in this place.
 C = Inter-level travel time spent in this place.
 D = Time resting spent in this place.
 E = Time spent auto-exploring this place.
 F = Levels seen in this place.
 G = Mean time per level.
                   A        B        C        D        E       F      G
               +--------+--------+--------+--------+--------+-----+--------+
         Total |   8839 |   6878 |   1961 |   1255 |   4277 |   9 |  982.1 |
       Dungeon |   8150 |   6586 |   1564 |   1255 |   3991 |   8 | 1018.8 |
        Temple |    688 |    291 |    397 |      0 |    286 |   1 |  688.0 |
               +--------+--------+--------+--------+--------+-----+--------+

Top non-repeatable levels by time:
     D:6: 1664 daAuts
     D:4: 1515 daAuts
     D:7: 1121 daAuts
     D:1: 972 daAuts
     D:2: 844 daAuts
     D:8: 790 daAuts
     D:3: 767 daAuts
  Temple: 688 daAuts
     D:5: 474 daAuts
